[Event "Early-Titled-Tuesday-Blitz-October-24-2023"]
[Site "Chess.com"]
[Date "2023.10.24"]
[Round "2"]
[White "Alex_Sahakyan2006"]
[Black "Smiechu"]
[Result "1-0"]
[WhiteElo "2739"]
[BlackElo "2505"]
[TimeControl "180+1"]
[EndTime "8:16:19 PDT"]
[Termination "Alex_Sahakyan2006 won by resignation"]

1. b3 e5 2. Bb2 Nc6 3. e3 Nf6 4.
Nf3 Bd6 5. Bb5 Qe7 6. d4 exd4 7. Nxd4 Nxd4 8. Qxd4 Bc5 9. Qf4 c6 10. Bd3 d5 11. Nd2 Bd6 12. Qh4 Be6 13. Nf3 O-O-O 14. O-O Rhg8 15. Qa4 Bb8 16. Bd4 c5 17. Qa3 b6 18. Ba6+ Kc7 19. Be5+ Rd6 20. b4 Nd7 21. bxc5 Nxc5 22. Nd4 Bd7 23. Bxd6+ Qxd6 24. Bb5 Kd8 25. g3 h5 26. Bxd7 Qxd7 27. Rad1 h4 28. Nb3 hxg3 29. fxg3 Qh3 30. Rxd5+ Ke8 31. Nxc5 Bxg3 32. Qa4+ Ke7 33. Qd7+ Qxd7 34. Rxd7+ 1-0

[Event "Early-Titled-Tuesday-Blitz-October-24-2023"]
[Site "Chess.com"]
[Date "2023.10.24"]
[Round "2"]
[White "Arimin1329"]
[Black "Skatchkov_V"]
[Result "0-1"]
[WhiteElo "2310"]
[BlackElo "2543"]
[TimeControl "180+1"]
[EndTime "8:16:19 PDT"]
[Termination "Skatchkov_V won by resignation"]

1. Nf3 d5 2. d4 Nf6 3. g3 g6 4. Bg2 Bg7 5. b3 O-O 6. Bb2 c6 7. O-O Bf5 8. Nh4 Be4 9. f3 Bf5 10. Nxf5 gxf5 11. Nd2 Nbd7 12. e4 fxe4 13. fxe4 Nxe4 14.
Nxe4 dxe4 15. Bxe4 e6 16. Qh5 f5 17. Bd3 Nc5 18. dxc5 Bxb2 19. Rae1 Bd4+ 20. Kg2 Qd5+ 21. Kh3 Kh8 22. Bc4 Qxc5 23. Rxe6 Bg7 24. Bd3 Qd5 25. Rxf5 Qxe6 26. Kg2 Rxf5 27. Bxf5 Qh6 28. Qf7 Rf8 29.
Qd7 Qf6 30. g4 Qf7 31. Qd3 Bf6 32. Qe3 Qe7 33. Qd3 Rd8 34. Qe4 0-1

[Event "Early-Titled-Tuesday-Blitz-October-24-2023"]
[Site "Chess.com"]
[Date "2023.10.24"]
[Round "2"]
[White "Dewarfd"]
[Black "DefiantChair"]
[Result "0-1"]
[WhiteElo "2161"]
[BlackElo "2651"]
[TimeControl "180+1"]
[EndTime "8:16:21 PDT"]
[Termination "DefiantChair won on time"]

1. d4 Nf6 2. e3 d5 3. Nf3 e6 4. Bd3 c5 5. b3 Nc6 6. a3 Bd6 7. Bb2 O-O 8. O-O b6 9. Nbd2 Bb7 10. c4 cxd4 11. Nxd4 Rc8 12. cxd5 Nxd5 13. Nc4 Bb8 14. Qg4 Nf6 15. Qh3 Nxd4 16. Bxd4 e5 17.
Bxh7+ Nxh7 18. Nxe5 Ng5 19. Qg4 Ne6 20. Rfd1 Qg5 21.
Qxg5 Nxg5 22. Rac1 Ne6 23. Nd7 Nxd4 24. Rxc8 Rxc8 25. exd4 Bd6 26. Ne5 Bxa3 27. Nc4 Bf8 28. h3 Rd8 29. Kf1 b5 30. Na5 Bd5 31. f3 Bb4 32.
Ra1 Rc8 0-1

[Event "Early-Titled-Tuesday-Blitz-October-24-2023"]
[Site "Chess.com"]
[Date "2023.10.24"]
[Round "2"]
[White "pinguino120"]
[Black "Cambek64"]
[Result "0-1"]
[WhiteElo "2190"]
[BlackElo "2449"]
[TimeControl "180+1"]
[EndTime "8:16:21 PDT"]
[Termination "Cambek64 won by checkmate"]

1. e4 e6 2. d4 d5 3. e5 c5 4. c3 Nc6 5. Nf3 Bd7 6. a3 Nge7 7. b4 cxd4 8. cxd4 Nf5 9. Bb2 Qb6 10. Be2 Be7 11.
O-O h5 12. b5 Na5 13. Nc3 Rc8 14. Na4 Qd8 15. Rc1 g5 16. Nc5 b6 17. Nb3 g4 18.
Ne1 Nc4 19. Bxc4 dxc4 20. Nd2 Bxb5 21. a4 Ba6 22. Ne4 Bb7 23. Nc3 Nxd4 24. Nc2 Bc5 25. Nxd4 Qxd4 26. Qe2 a6 27. Rfd1 Qf4 28. Rc2 h4 29.
Bc1 Qf5 30. Rcd2 g3 31. a5 Bxf2+ 32. Kh1 h3 33. Rd5 hxg2+ 34. Kxg2 Rxh2+ 35. Kf1 g2# 0-1

[Event "Early-Titled-Tuesday-Blitz-October-24-2023"]
[Site "Chess.com"]
[Date "2023.10.24"]
[Round "2"]
[White "viktorgen2021"]
[Black "Politov_Pavel"]
[Result "1-0"]
[WhiteElo "2431"]
[BlackElo "2056"]
[TimeControl "180+1"]
[EndTime "8:16:21 PDT"]
[Termination "viktorgen2021 won by checkmate"]

1. Nf3 d5 2. c4 dxc4 3. g3 Nc6 4. Bg2 e5 5. O-O Nf6 6. Qa4 e4 7. Ne5 Qd5 8. Nxc6 Bd7 9. Nc3 Qxc6 10. Qc2 Bf5 11. e3 Bd6 12. b3 cxb3 13. axb3 h5 14. Ba3 Bxa3 15. Rxa3 h4 16. Ra4 hxg3 17. fxg3 Bg6 18.
Rc4 Qd7 19. Nxe4 Bxe4 20. Bxe4 Qh3 21. Rf2 Ng4 22. Bf5 Nxf2 23. Bxh3 Nxh3+ 24. Kg2 c6 25. Re4+ Kf8 26. Qc5+ Kg8 27. Qe7 f6 28. Qe6+ Kh7 29. Qxh3+ Kg6 30. Qg4+ Kf7 31. Qd7+ Kg6 32. Rg4+ Kh5 33. Qxg7 Rhg8 34. Rh4# 1-0

[Event "Early-Titled-Tuesday-Blitz-October-24-2023"]
[Site "Chess.com"]
[Date "2023.10.24"]
[Round "2"]
[White "Blitzstream"]
[Black "BigAl"]
[Result "1-0"]
[WhiteElo "2852"]
[BlackElo "2570"]
[TimeControl "180+1"]
[EndTime "8:16:26 PDT"]
[Termination "Blitzstream won by checkmate"]

1. d4 Nf6 2. Bg5 Ne4 3. Bh4 d5 4. f3 g5 5. fxe4 gxh4 6. exd5 Qxd5 7. Nc3 Qa5 8. Qd2 Nc6 9. Nf3 h3 10. gxh3 h5 11. O-O-O Bh6 12. e3 Bf5 13. Kb1 O-O-O 14. Qf2 Nb4 15. Ne1 e6 16. Bg2 Rhg8 17. a3 Nc6 18.
Bxc6 bxc6 19. Nd3 Kb8 20. Ne5 Ka8 21. Qf3 Rd5 22. Nxc6 Qb6 23. Nxd5 exd5 24. Qxf5 Qxc6 25. Rd3 Rg2 26. Qc8# 1-0

[Event "Early-Titled-Tuesday-Blitz-October-24-2023"]
[Site "Chess.com"]
[Date "2023.10.24"]
[Round "2"]
[White "HeroRubiksCube"]
[Black "chessfatbear"]
[Result "0-1"]
[WhiteElo "2535"]
[BlackElo "2807"]
[TimeControl "180+1"]
[EndTime "8:16:26 PDT"]
[Termination "chessfatbear won by resignation"]

1. e4 c6 2. d4 d5 3. Nc3 dxe4 4. Nxe4 Nf6 5. Nxf6+ exf6 6. c3 Bd6 7. Bd3 h5 8.
Ne2 Qc7 9. Be3 h4 10. h3 O-O 11. Qd2 Re8 12. O-O-O Nd7 13. Rhe1 Nf8 14. Kb1 a5 15.
Bf4 Rxe2 16. Bxd6 Rxd2 17. Bxc7 Rxd3 18. Rxd3 Bf5 19. Kc2 Ne6 20. Bh2 Rd8 21. Rd1 c5 22.
Kc1 Bxd3 23. Rxd3 cxd4 24. cxd4 Rxd4 25. Rxd4 Nxd4 26. Kd2 Nc6 27. Kc3 b5 28. a4 bxa4 29.
Kc4 Ne5+ 30. Bxe5 fxe5 31. Kb5 f5 32. Kxa5 e4 33. Kxa4 f4 34. Kb4 f3 35. gxf3 exf3 36. Kc4 g5 37. Kd4 g4 38. Ke3 gxh3 39. Kxf3 Kf7 40. b3 Ke6 0-1

[Event "Early-Titled-Tuesday-Blitz-October-24-2023"]
[Site "Chess.com"]
[Date "2023.10.24"]
[Round "2"]
[White "Manukyan_Artak"]
[Black "Chessmissile07"]
[Result "0-1"]
[WhiteElo "2409"]
[BlackElo "2927"]
[TimeControl "180+1"]
[EndTime "8:16:26 PDT"]
[Termination "Chessmissile07 won by resignation"]

1. e4 e5 2. Nf3 Nc6 3. d4 exd4 4. Nxd4 Qf6 5. Nxc6 Bc5 6. Qf3 Qxf3 7. gxf3 dxc6 8.
Be3 Bxe3 9. fxe3 Nf6 10. Bc4 Ke7 11. Ke2 a5 12. a3 g5 13. Nd2 Bh3 14. Rag1 Rag8 15.
Rg3 g4 16. f4 h5 17. e5 Ne8 18. Ne4 Rg7 19. Rhg1 h4 20. Rxh3 gxh3 21. Rxg7 Nxg7 22. Ng5 f6 23. exf6+ Kxf6 24. Nxh3 b5 25. Ba2 c5 26. c3 c4 27. e4 Ne6 28. e5+ Kf5 29. Kf3 Nc5 30.
Bb1+ Nd3 31. Nf2 Rd8 32. Ke3 Ke6 33. Nxd3 cxd3 34. Bxd3 c6 35. c4 b4 36. axb4 axb4 37. Ke4 Rg8 38. f5+ Ke7 39. f6+ Ke6 40. c5 Rg4+ 41. Kf3 Rd4 42. Ke3 Kxe5 43. f7 Rf4 44.
Be4 Rxe4+ 0-1

[Event "Early-Titled-Tuesday-Blitz-October-24-2023"]
[Site "Chess.com"]
[Date "2023.10.24"]
[Round "2"]
[White "GMG"]
[Black "MasterKroket"]
[Result "1-0"]
[WhiteElo "2778"]
[BlackElo "2530"]
[TimeControl "180+1"]
[EndTime "8:16:27 PDT"]
[Termination "GMG won by resignation"]

1. Nf3 Nf6 2. g3 g6 3. Bg2 Bg7 4. c4 O-O 5. d4 d6 6. Nc3 Nbd7 7.
O-O e5 8. e4 a5 9. Re1 h6 10. h3 Kh7 11. Be3 b6 12. Qc2 Bb7 13.
Rad1 Qe7 14. b3 c5 15. dxe5 Nxe5 16. Nxe5 dxe5 17. a4 Ne8 18. Rd2 Nc7 19. Nd5 Nxd5 20. cxd5 Qd6 21. f4 Rae8 22. f5 gxf5 23. exf5 Bf6 24.
Be4 Rg8 25. Kh2 Bg5 26. f6+ Kh8 27.
Bxg5 Rxg5 28. Rf1 Reg8 29. Rf3 h5 30. Qc3 Bc8 31. Qd3 Qd7 32. Qf1 c4 33. bxc4 Qxa4 34. d6 Bd7 35. Bd5 Rf8 36. Qf2 Qb4 37. Qe3 Rg6 38.
Be4 Qc5 39. Qxc5 bxc5 40. Bxg6 fxg6 41. Re3 Rxf6 42. Rxe5 1-0

[Event "Early-Titled-Tuesday-Blitz-October-24-2023"]
[Site "Chess.com"]
[Date "2023.10.24"]
[Round "2"]
[White "klimkoj"]
[Black "AsaHoffmann"]
[Result "1-0"]
[WhiteElo "2745"]
[BlackElo "2384"]
[TimeControl "180+1"]
[EndTime "8:16:27 PDT"]
[Termination "klimkoj won by resignation"]

1. d4 Nf6 2. Nf3 d6 3. e3 Bf5 4. Be2 Nbd7 5. O-O e5 6. c4 c6 7. Nc3 h6 8. b3 Be7 9. Bb2 Qc7 10.
Qd2 O-O 11. Rad1 Rad8 12. Rfe1 Rfe8 13. d5 c5 14. Nh4 Bh7 15. Bd3 e4 16. Bb1 a6 17. f4 exf3 18. Bxh7+ Nxh7 19. Nxf3 Bf6 20. e4 Ne5 21. Ne2 Nxf3+ 22. gxf3 Qe7 23. Ng3 Ng5 24. Rf1 g6 25. Rde1 b5 26. f4 Bxb2 27. Qxb2 Nh7 28. e5 bxc4 29. bxc4 Rb8 30. Qf2 Rb4 31. exd6 Qd8 32.
Qxc5 Rb2 33. Qc7 Nf6 34. c5 Nxd5 35. Qxd8 Rxd8 36. Re5 Nb4 37. Ne4 Nc6 38. Re7 Rb4 39.
Nf6+ Kg7 40. Rc7 Nd4 41. Nd5 Rb2 42. Rf2 Rb1+ 43. Kg2 Ne6 44. Rc6 Nd4 45. Rxa6 Rc1 46. Rd2 Ne6 47. Rc6 Rxc5 48. Ne7 Nxf4+ 49. Kf3 Rxc6 50.
Nxc6 1-0

[Event "Early-Titled-Tuesday-Blitz-October-24-2023"]
[Site "Chess.com"]
[Date "2023.10.24"]
[Round "2"]
[White "Shivagami"]
[Black "Actuary44"]
[Result "0-1"]
[WhiteElo "2246"]
[BlackElo "2502"]
[TimeControl "180+1"]
[EndTime "8:16:27 PDT"]
[Termination "Actuary44 won on time"]

1. d4 Nf6 2. Bf4 g6 3. Nc3 d5 4. e3 Bg7 5. h4 c5 6. h5 Nxh5 7. Rxh5 gxh5 8. Qxh5 cxd4 9. Nxd5 Na6 10. Bxa6 bxa6 11.
Nc7+ Kf8 12. Nxa8 dxe3 13. Rd1 exf2+ 14. Kxf2 Bd7 15. Qd5 e5 16. Be3 Qh4+ 17. Kf1 Bb5+ 18. Ne2 Bf6 19. Nc7 Bc4 20. Qd6+ Kg7 21. Qa3 Bxe2+ 22.
Kxe2 Qc4+ 23. Qd3 Qxc7 24. Rf1 Qc6 25. Qf5 Qxg2+ 26. Rf2 Qg6 27. Qf3 Qxc2+ 28. Bd2 Qc4+ 29. Ke1 Bh4 0-1

[Event "Early-Titled-Tuesday-Blitz-October-24-2023"]
[Site "Chess.com"]
[Date "2023.10.24"]
[Round "2"]
[White "campochess"]
[Black "Mr_ruthless"]
[Result "0-1"]
[WhiteElo "2200"]
[BlackElo "2452"]
[TimeControl "180+1"]
[EndTime "8:16:28 PDT"]
[Termination "Mr_ruthless won on time"]

1. d4 Nf6 2. Bg5 d5 3. Nd2 Nbd7 4. c4 c6 5. cxd5 cxd5 6. Ngf3 h6 7. Bh4 b6 8. e3 Bb7 9. Rc1 e6 10. Bb5 Be7 11. Qe2 O-O 12. O-O Ne4 13. Nxe4 dxe4 14.
Bxe7 exf3 15. gxf3 Qxe7 16. Rc7 Qg5+ 17. Kh1 Bxf3+ 18.
Qxf3 Qxb5 19. Rg1 Rac8 20. Rxa7 Kh8 21. Qg3 Rg8 22. e4 Rcf8 23. Rc1 Nf6 24. f3 Qxb2 25. Rc4 Qe2 26. Ra3 Qxc4 0-1

[Event "Early-Titled-Tuesday-Blitz-October-24-2023"]
[Site "Chess.com"]
[Date "2023.10.24"]
[Round "2"]
[White "Russian_berezka"]
[Black "vedantgoswami"]
[Result "1-0"]
[WhiteElo "2693"]
[BlackElo "2380"]
[TimeControl "180+1"]
[EndTime "8:16:29 PDT"]
[Termination "Russian_berezka won by resignation"]

1. d4 c6 2. c4 d5 3. Nc3 Nf6 4. Nf3 g6 5. cxd5 cxd5 6. Bf4 Bg7 7. e3 a6 8. Be2 Nc6 9. O-O Nh5 10. Be5 f6 11. Bg3 Nxg3 12. hxg3 O-O 13. b4 e6 14.
Qb3 Rf7 15. Rfc1 Bf8 16. a3 Bd7 17. Na4 b6 18. Rc2 Be8 19. Rac1 Ne7 20. g4 g5 21. b5 a5 22. Rc7 Nc8 23. Rxf7 Bxf7 24. Rc6 Bd6 25.
Bd3 Be8 26. Rc1 Qe7 27. Rc3 Bd7 28. e4 dxe4 29. Bxe4 Ra7 30. Qc2 Qd8 31. Bxh7+ Kh8 32. Be4 Bxb5 33. Rxc8 1-0

[Event "Early-Titled-Tuesday-Blitz-October-24-2023"]
[Site "Chess.com"]
[Date "2023.10.24"]
[Round "2"]
[White "DonCiao"]
[Black "ilushka"]
[Result "0-1"]
[WhiteElo "2136"]
[BlackElo "2441"]
[TimeControl "180+1"]
[EndTime "8:16:32 PDT"]
[Termination "ilushka won on time"]

1. c4 e5 2. g3 Nc6 3. Nc3 Nf6 4. Bg2 Bc5 5. Nf3 d6 6. d3 a5 7. O-O h6 8. a3 O-O 9. b3 Nd4 10. Ne1 c6 11. e3 Ne6 12. Bb2 Qe7 13. Nf3 Ng5 14. d4 Ba7 15. dxe5 dxe5 16. Nxg5 hxg5 17. Qc2 Bg4 18. Ne4 Rfd8 19. Nxg5 Rd7 20. Rac1 Rad8 21. Ne4 Bf5 22. Nxf6+ Qxf6 23. Qc3 Rd2 24. Ba1 R8d3 25. Qxe5 Qxe5 26. Bxe5 Rxb3 27. Bc3 Re2 28. Bf3 Ra2 29.
Bxa5 Rbxa3 30. Bc3 Bc2 31. h4 Rxc3 0-1

[Event "Early-Titled-Tuesday-Blitz-October-24-2023"]
[Site "Chess.com"]
[Date "2023.10.24"]
[Round "2"]
[White "dropstoneDP"]
[Black "Doomfist26"]
[Result "1-0"]
[WhiteElo "3085"]
[BlackElo "2623"]
[TimeControl "180+1"]
[EndTime "8:16:33 PDT"]
[Termination "dropstoneDP won on time"]

1. e4 c5 2. Nf3 d6 3. d4 cxd4 4. Nxd4 Nf6 5. Nc3 Bd7 6. f3 e5 7.
Nb3 Be7 8. Be3 O-O 9. g4 a5 10. g5 Nh5 11. Nd5 Bxg5 12. Bxg5 Qxg5 13. Qd2 Qh4+ 14. Qf2 Qxf2+ 15. Kxf2 a4 16. Nd2 Be6 17. Nc7 Ra5 18. c3 Rc5 19. Nxe6 fxe6 20. Nc4 d5 21.
exd5 Rxd5 22. Re1 Nc6 23. Nb6 Rd2+ 24. Re2 Rxe2+ 25. Bxe2 e4 26. Nxa4 exf3 27. Bc4 Ne5 28. Bxe6+ Kh8 29. Nc5 Nf4 30. Rd1 b6 31. Nd7 Rd8 32.
Nxe5 Rxd1 33. Bb3 Rb1 34. Kxf3 Ng6 35. Nf7+ Kg8 36. Ng5+ Kf8 37. Nxh7+ Ke7 38. Bc2 Rg1 39. Kf2 Ra1 40. Bxg6 Rxa2 41. h4 Rxb2+ 42. Ke3 Rh2 43.
h5 b5 44. Ng5 Rh4 45. Ne4 Rh1 46. Kd4 Rb1 47. Kc5 Rb3 48. Bf5 Rb2 49. Bh7 Rb3 50. Bg6 Rb2 51. Nd6 Kf6 52. Nxb5 Ke5 53. c4 Rh2 54. Kb6 Rh1 55. c5 Rc1 56. c6 Kf6 57. c7 1-0

[Event "Early-Titled-Tuesday-Blitz-October-24-2023"]
[Site "Chess.com"]
[Date "2023.10.24"]
[Round "2"]
[White "subham777"]
[Black "alexrustemov"]
[Result "0-1"]
[WhiteElo "2523"]
[BlackElo "2772"]
[TimeControl "180+1"]
[EndTime "8:16:33 PDT"]
[Termination "alexrustemov won by resignation"]

1. e4 e6 2. Nf3 d5 3. Nc3 dxe4 4. Nxe4 Bd7 5. d4 Bc6 6. Bd3 Nd7 7. Qe2 Ngf6 8. c3 Nxe4 9. Bxe4 Bxe4 10. Qxe4 c6 11. Bg5 Be7 12. h4 O-O 13. O-O-O Re8 14. Bxe7 Qxe7 15. Ng5 Nf6 16. Qc2 c5 17. dxc5 Qxc5 18.
Kb1 h6 19. Nf3 Rad8 20. Nd4 Rd5 21. Nb3 Qc4 22. g3 Red8 23. Rxd5 Qxd5 24. Re1 b5 25. a3 h5 26. Re2 Qh1+ 27. Ka2 Rd1 28.
Rd2 Rxd2 29. Qxd2 Nd5 30. Nd4 a6 31. Nc6 Qe4 32. Nb4 a5 33. Nxd5 exd5 34. b3 a4 35. bxa4 Qc4+ 36. Kb2 bxa4 37. Qc2 g6 38. Qd1 Kf8 39. Qc2 Ke7 40. Qd1 Ke6 41. Qe1+ Kf5 42. Qb1+ Kg4 43. Qd1+ Kh3 44. Qc2 Kg2 45. Kc1 f5 46. Qd2 Qf1+ 47. Kc2 Qxf2 48. Qxf2+ Kxf2 49. c4 dxc4 50. Kc3 Kxg3 51. Kb4 f4 52. Kxa4 f3 0-1

[Event "Early-Titled-Tuesday-Blitz-October-24-2023"]
[Site "Chess.com"]
[Date "2023.10.24"]
[Round "2"]
[White "Rodalquilar"]
[Black "Tejas_Rama"]
[Result "0-1"]
[WhiteElo "2756"]
[BlackElo "2539"]
[TimeControl "180+1"]
[EndTime "8:16:35 PDT"]
[Termination "Tejas_Rama won on time"]

1. d4 Nf6 2. Nf3 d5 3. Bf4 c5 4. e3 Nc6 5. Nbd2 Bg4 6. c3 e6 7.
Qb3 Qc8 8. Nh4 Be7 9. h3 Bh5 10. g4 Bg6 11. Nxg6 hxg6 12. Bg2 cxd4 13. cxd4 Kf8 14. O-O Ne8 15. Rfc1 Nd6 16. e4 Nxe4 17. Nxe4 dxe4 18. Bxe4 Qd7 19. d5 Nd4 20. Qd3 Bf6 21.
dxe6 Qxe6 22. Re1 Rd8 23. Bxb7 Qb6 24. Bg2 Ne6 25. Qa3+ Kg8 26. Be3 Qxb2 27. Qxa7 Bd4 28. Bxd4 Nxd4 29. Rad1 Ne2+ 30. Kf1 Rxd1 31. Rxd1 Nf4 32.
Qd4 Qb5+ 0-1

[Event "Early-Titled-Tuesday-Blitz-October-24-2023"]
[Site "Chess.com"]
[Date "2023.10.24"]
[Round "2"]
[White "falzehope0"]
[Black "leejunhyeok"]
[Result "0-1"]
[WhiteElo "2338"]
[BlackElo "2666"]
[TimeControl "180+1"]
[EndTime "8:16:35 PDT"]
[Termination "leejunhyeok won by checkmate"]

1. d4 Nf6 2. e3 g6 3. Bd3 Bg7 4. f4 d6 5. Nf3 Nc6 6. O-O O-O 7.
e4 e5 8. d5 Nb4 9. fxe5 dxe5 10. Kh1 Nxd3 11. Qxd3 c6 12. c4 cxd5 13. cxd5 Ne8 14.
Be3 Nd6 15. Nc3 b6 16. Nb5 Ba6 17. a4 Qd7 18. Rfc1 Nxb5 19. axb5 Bxb5 20. Qa3 Rfc8 21. h3 Rxc1+ 22. Rxc1 Bf8 23. Qb3 Ba4 24. Qa2 Bd6 25. b3 Bb5 26. Bxb6 Bd3 27. Nd2 Rc8 28. Rxc8+ Qxc8 29. Be3 a6 30. Nc4 Bf8 31. Qa4 Bxe4 32. Qa5 Qxh3+ 33.
Kg1 Qxg2# 0-1

[Event "Early-Titled-Tuesday-Blitz-October-24-2023"]
[Site "Chess.com"]
[Date "2023.10.24"]
[Round "2"]
[White "C_K_G"]
[Black "Laico"]
[Result "1-0"]
[WhiteElo "1874"]
[BlackElo "2399"]
[TimeControl "180+1"]
[EndTime "8:16:35 PDT"]
[Termination "C_K_G won on time"]

1. e4 e6 2. Nf3 d5 3. Nc3 Nf6 4. e5 Nfd7 5. d4 c5 6. Bg5 Qb6 7. dxc5 Bxc5 8. Qd2 Bxf2+ 9. Qxf2 Qxb2 10. Kd2 Qxa1 11.
Bb5 Qxh1 12. Qc5 Qxg2+ 13. Kc1 Nc6 14. Bxc6 Qxg5+ 15. Nxg5 bxc6 16. Qd6 Bb7 17. Nxe6 fxe6 18. Qxe6+ Kd8 19. Qd6 Kc8 20. e6 Nb6 21. e7 Re8 22.
Ne2 Nc4 23. Qe6+ Kc7 24. Nd4 g6 25. Nb3 Kb6 26. a4 a5 27. Qd7 Rac8 28. c3 Ne5 29. Qd6 Nc4 30. Qd7 Ne5 31. Qe6 Nc4 32. Qf7 Ne5 33. Qf6 Nc4 34. Qf7 1-0

[Event "Early-Titled-Tuesday-Blitz-October-24-2023"]
[Site "Chess.com"]
[Date "2023.10.24"]
[Round "2"]
[White "sergeikim"]
[Black "xxysoul6"]
[Result "0-1"]
[WhiteElo "2588"]
[BlackElo "3001"]
[TimeControl "180+1"]
[EndTime "8:16:36 PDT"]
[Termination "xxysoul6 won on time"]

1. d4 Nf6 2. c4 e6 3. Nc3 Bb4 4. Qc2 d5 5. a3 Bxc3+ 6. Qxc3 b6 7. Nf3 dxc4 8. Qxc4 Ba6 9. Qc2 Nbd7 10. Qc6 Qc8 11.
g3 Bb7 12. Qa4 Bxf3 13. exf3 O-O 14. Ba6 Qd8 15. O-O c5 16. Rd1 Qe7 17. Bg5 h6 18.
Bxf6 Nxf6 19. dxc5 bxc5 20. Rac1 Rab8 21. Qc2 Rb6 22.
Bf1 Qb7 23. Qxc5 Rxb2 24. Bg2 Rb8 25. f4 Qb6 26. Qxb6 R2xb6 27. Rc7 Ra6 28. Rc3 g6 29. h3 Kg7 30. Rd4 h5 31. Rb4 Rxb4 32. axb4 h4 33. Rc7 Ra1+ 34. Kh2 Ra2 35. Kg1 Nh5 36. Rc3 Rb2 37.
Ra3 Rxb4 38. Bf1 Rb2 39. Bc4 Kf6 40. Kf1 a5 41. Kg1 Kg7 42. Kf1 Nf6 43. Rxa5 Ne4 44. Ra2 Nd2+ 0-1

[Event "Early-Titled-Tuesday-Blitz-October-24-2023"]
[Site "Chess.com"]
[Date "2023.10.24"]
[Round "2"]
[White "WindWhistler11"]
[Black "ferrufino64"]
[Result "1-0"]
[WhiteElo "2452"]
[BlackElo "2198"]
[TimeControl "180+1"]
[EndTime "8:16:37 PDT"]
[Termination "WindWhistler11 won by resignation"]

1. Nf3 c5 2. d3 Nc6 3. g3 g6 4. Bg2 Bg7 5. O-O d6 6. Nbd2 e5 7. e4 Nge7 8. c3 h6 9. a4 Be6 10. Rb1 a5 11. Qc2 O-O 12. b3 d5 13. exd5 Nxd5 14. Nc4 e4 15. dxe4 Nxc3 16. Rb2 Nb4 17. Qd2 Nd3 18. Rc2 Nxe4 19. Qe3 Nxc1 20. Rfxc1 Bf5 21.
Nh4 Bd4 22. Qxh6 Nf6 23. Nxf5 gxf5 24. Qg5+ Kh8 25. Qxf5 Re8 26. Bxb7 Rb8 27. Ba6 Kg7 28. Bb5 Re6 29. Qf3 Nh7 30. Ne3 Qf6 31. Nf5+ Kf8 32.
Nxd4 Qxd4 33. Rxc5 Rd8 34. Rf5 Ng5 35. Rxg5 1-0

[Event "Early-Titled-Tuesday-Blitz-October-24-2023"]
[Site "Chess.com"]
[Date "2023.10.24"]
[Round "2"]
[White "Alina_Gumerovna"]
[Black "Bilan_Danila"]
[Result "1-0"]
[WhiteElo "2086"]
[BlackElo "2415"]
[TimeControl "180+1"]
[EndTime "8:16:37 PDT"]
[Termination "Alina_Gumerovna won on time"]

1. e4 c6 2. d4 d5 3. Nc3 b5 4. a3 e6 5. f4 b4 6. axb4 Bxb4 7. e5 Ne7 8. Nf3 c5 9. Bb5+ Bd7 10.
Bxd7+ Nxd7 11. Bd2 O-O 12. Nb5 Qb6 13. Nd6 cxd4 14.
Bxb4 Qxb4+ 15. Qd2 Qxb2 16. O-O Nc8 17. Rfb1 Qc3 18.
Qxd4 Qxd4+ 19. Nxd4 Nxd6 20. exd6 Rfc8 21. Rb7 Nf6 22.
Raxa7 Rxa7 23. Rxa7 h5 24. Rc7 Rd8 25. Nb5 Ne4 26. Rc6 g6 27. Kf1 Kg7 28. Ke2 Kf6 29.
Ke3 Rd7 30. c4 Kf5 31. Rc7 Nf6 32. c5 1-0

[Event "Early-Titled-Tuesday-Blitz-October-24-2023"]
[Site "Chess.com"]
[Date "2023.10.24"]
[Round "2"]
[White "ErikRonka"]
[Black "Lennis93"]
[Result "1-0"]
[WhiteElo "2519"]
[BlackElo "2742"]
[TimeControl "180+1"]
[EndTime "8:16:38 PDT"]
[Termination "ErikRonka won by checkmate"]

1. e4 c5 2. Nf3 Nc6 3. d4 cxd4 4. Nxd4 Nf6 5. Nc3 e5 6. Ndb5 d6 7. Bg5 a6 8. Na3 b5 9. Bxf6 gxf6 10. Nd5 Bg7 11. Bd3 Ne7 12. Nxe7 Qxe7 13. Qh5 f5 14. O-O d5 15. f3 O-O 16. Rae1 fxe4 17. fxe4 f5 18.
exf5 e4 19. Kh1 Bxb2 20. f6 Qb7 21. f7+ Kh8 22. Be2 Be6 23. Nb1 Rxf7 24. c3 Rxf1+ 25.
Rxf1 Qg7 26. h3 Bxc3 27. Nxc3 Qxc3 28. Qh6 Re8 29. Bh5 Re7 30. Qf8+ Bg8 31. Qxe7 Qg7 32.
Qf6 Qxf6 33. Rxf6 d4 34. Rd6 d3 35. Kg1 Bxa2 36. Kf2 a5 37. Ke3 Bb1 38. Rd5 d2 39. Kxd2 Bd3 40. Be2 e3+ 41. Kxe3 Bxe2 42. Kxe2 b4 43.
Rxa5 b3 44. Rb5 b2 45. Rxb2 Kg7 46. Kf3 Kf6 47. Kf4 Ke6 48. g4 Kf6 49. Rb6+ Kg7 50.
Kg5 h6+ 51. Kf5 Kf7 52. Rb7+ Kg8 53. Kg6 Kf8 54. Kxh6 Ke8 55. g5 Kd8 56. Rh7 Kc8 57. g6 Kd8 58. g7 Ke8 59. g8=Q# 1-0

[Event "Early-Titled-Tuesday-Blitz-October-24-2023"]
[Site "Chess.com"]
[Date "2023.10.24"]
[Round "2"]
[White "suspiciumchess"]
[Black "zverr1"]
[Result "1-0"]
[WhiteElo "2313"]
[BlackElo "2504"]
[TimeControl "180+1"]
[EndTime "8:16:38 PDT"]
[Termination "suspiciumchess won on time"]

1. d4 Nf6 2. c4 g6 3. Nc3 d5 4.
cxd5 Nxd5 5. e4 Nxc3 6. bxc3 Bg7 7. Bc4 c5 8. Ne2 O-O 9. Be3 cxd4 10. cxd4 Nc6 11.
O-O Na5 12. Bd3 b6 13. Qd2 Bb7 14. h4 e5 15. Bg5 f6 16. Be3 exd4 17. Nxd4 Qe7 18.
Qe2 Bxe4 19. Bd2 f5 20. Bxa5 Bxd4 21. Rad1 Bxf2+ 22. Rxf2 bxa5 23. Bc4+ Kh8 24. Qe3 Rad8 25. Rfd2 Rxd2 26. Rxd2 Qxh4 27. Rd7 Bc6 28. Rc7 Qxc4 29. Qe5+ 1-0

[Event "Early-Titled-Tuesday-Blitz-October-24-2023"]
[Site "Chess.com"]
[Date "2023.10.24"]
[Round "2"]
[White "dosto07"]
[Black "johnmez"]
[Result "1/2-1/2"]
[WhiteElo "2511"]
[BlackElo "2301"]
[TimeControl "180+1"]
[EndTime "8:16:39 PDT"]
[Termination "Game drawn by repetition"]

1. e4 e6 2. d4 d5 3. Nd2 Be7 4.
Bd3 c5 5. dxc5 Nf6 6. Qe2 a5 7.
Ngf3 O-O 8. O-O Na6 9. exd5 exd5 10. Bxa6 Rxa6 11. Nb3 Bg4 12. h3 Bh5 13. Bf4 a4 14.
Nbd4 Bxc5 15. Rfd1 Re8 16. Qb5 Bxd4 17. Rxd4 Bxf3 18.
gxf3 Qc8 19. Bg5 h6 20. Bxf6 Rxf6 21. Kg2 Re5 22. Qxa4 Rxf3 23. Rh1 Ref5 24. Rd2 Qe6 25. Kf1 Kh7 26. Qg4 R3f4 27. Qe2 Re4 28. Qd1 Rfe5 29. Kg2 Qg6+ 30. Kf1 Qe6 31. Kg2 Rg5+ 32. Kf1 Rge5 1/2-1/2

[Event "Early-Titled-Tuesday-Blitz-October-24-2023"]
[Site "Chess.com"]
[Date "2023.10.24"]
[Round "2"]
[White "ideika"]
[Black "crazy_m_attack"]
[Result "1-0"]
[WhiteElo "2309"]
[BlackElo "2440"]
[TimeControl "180+1"]
[EndTime "8:16:39 PDT"]
[Termination "ideika won on time"]

1. e4 e5 2. Nf3 Nc6 3. Bc4 Nf6 4. Ng5 d5 5. exd5 Na5 6. Bb5+ c6 7. dxc6 bxc6 8. Qf3 Be7 9. Bxc6+ Nxc6 10.
Qxc6+ Bd7 11. Qf3 O-O 12. Nc3 Ng4 13. Nge4 f5 14. Ng3 e4 15. Qe2 Bc5 16. Qc4+ Kh8 17. Qxc5 Rc8 18. Qxa7 Bc6 19. h3 Ne5 20. Nce2 f4 21.
Nh5 Rf7 22. Qd4 Qg5 23. Nhxf4 Rxf4 24. Nxf4 Qxf4 25. O-O Qg5 26. d3 Nf3+ 27. Kh1 Qxc1 28. Raxc1 Nxd4 29. dxe4 Bxe4 30. c3 Nc6 31. Rfe1 Bg6 32.
Re3 h6 33. Rce1 Rd8 34. Re6 1-0

[Event "Early-Titled-Tuesday-Blitz-October-24-2023"]
[Site "Chess.com"]
[Date "2023.10.24"]
[Round "2"]
[White "tusplingher"]
[Black "rikchessmx"]
[Result "1-0"]
[WhiteElo "2522"]
[BlackElo "2289"]
[TimeControl "180+1"]
[EndTime "8:16:40 PDT"]
[Termination "tusplingher won by checkmate"]

1. e4 e5 2. Nf3 Nc6 3. Bb5 Bc5 4. O-O Qf6 5. Nc3 Nge7 6. Nd5 Nxd5 7. exd5 Nd4 8.
Nxd4 Bxd4 9. c3 Bb6 10. d4 O-O 11. dxe5 Qxe5 12. Qf3 c6 13. Bc4 Bc7 14. g3 b5 15. Bb3 Bb7 16. Qg4 Qf6 17. Qxd7 Rac8 18.
Be3 Rfd8 19. Qg4 Bb6 20. Bxb6 axb6 21. Rad1 c5 22. Rfe1 g6 23. h4 c4 24. Bc2 h5 25.
Qh3 b4 26. Re3 bxc3 27. bxc3 Ra8 28. Be4 Rxa2 29. Rf3 Qe5 30. Rf4 Qxc3 31. Bxg6 fxg6 32. Qe6+ Kh8 33. Qe7 Rg8 34. Qxb7 Rb2 35. d6 Rd2 36.
Rxd2 Qxd2 37. Rf7 Qc1+ 38. Kh2 Qh6 39. Qe7 g5 40. d7 gxh4 41. d8=Q hxg3+ 42. fxg3 Qd2+ 43. Qxd2 c3 44. Qh6# 1-0